cohdb
Replays
Latest Replays
All Replays
Popular Replays
Top Player Replays
Match Explorer
How It Works
Community
CoH3 Stats
Reddit
Sign in to upload your games and track your stats! →
Sign in with Steam
Match 46296632
Unlisted
Match 46296632
Overview
Messages
Build Orders
End
Kettenkrad Recon Vehicle
Construct Infanterie Kompanie
Grenadier Squad
MG 42 Machine Gun Team
GrW 34 Mortar Team
Construct Panzergrenadier Kompanie
Panzergrenadier Squad
MG 42 Bunker
Pak 40 Anti-tank Gun Team
Construct Panzer Kompanie
MG 42 Machine Gun Team
Selects Terror Battlegroup
Selects Machine Gun Camouflage
Selects Interrogate
Selects Propaganda Leaflet Drop
Panzergrenadier Squad
Panzer IV Medium Tank
Pak 40 Anti-tank Gun Team
Sturmpanzer IV Brummbär
Panzer IV Medium Tank
251 Medium Carrier
Selects V1 Rocket Strike
Selects No Quarter
Propaganda Leaflet Drop
tommyfoxy
BOOTSA
CAuMOH
castiellolee
0
0
Comments
sign in to comment!
No comments posted yet!